 Dungeon Crawl Stone Soup version 0.19-a0-1492-gce1cc90 (webtiles) character file.

793 PurpleRed the Chopper (level 8, -3/64 HPs)
             Began as a Human Berserker on Sept 8, 2016.
             Was a Believer of Trog.
             Slain by Prince Ribbit (11 damage)
             ... on level 5 of the Dungeon.
             The game lasted 00:10:56 (1373 turns).

PurpleRed the Chopper (Human Berserker)             Turns: 1373, Time: 00:10:57

Health: -3/64      AC:  9    Str: 20    XL:     8   Next: 12%
Magic:  8/8        EV:  8    Int:  7    God:    Trog [**....]
Gold:   116        SH:  0    Dex: 13    Spells: 0 memorised, 7 levels left

rFire  . . .     SeeInvis .     a - +1 hand axe
rCold  . . .     Gourm    .     g - +1 chain mail
rNeg   . . .     Faith    +     (no shield)
rPois  .         Spirit   .     (no helmet)
rElec  .         Dismiss  .     (no cloak)
rCorr  .         Reflect  .     (no gloves)
MR     .....     Harm     .     (no boots)
Stlth  ..........               p - amulet of faith
                                (no ring)
                                (no ring)

@: exhausted
A: no striking features
a: Berserk, Trog's Hand, Burn Spellbooks, Renounce Religion


You were on level 5 of the Dungeon.
You worshipped Trog.
Trog was pleased with you.
You were near starving.

You visited 2 branches of the dungeon, and saw 7 of its levels.

You collected 116 gold pieces.

Inventory:

Hand Weapons
 a - a +1 hand axe (weapon)
Armour
 g - a +1 chain mail (worn)
Jewellery
 p - an amulet of faith (around neck)
Wands
 h - a wand of slowing (8/48)
Scrolls
 b - 2 scrolls of amnesia
 e - a scroll of remove curse
 k - a scroll of enchant armour
 n - 2 scrolls of enchant weapon
 q - a scroll of teleportation
Potions
 i - a potion of berserk rage
 j - a potion of magic
 l - a potion of curing
 m - a potion of haste
 s - a potion of ambrosia {unknown}
Comestibles
 c - 2 bread rations
 f - 2 meat rations
 t - a royal jelly


   Skills:
 + Level 5.8 Fighting
 * Level 7.5 Axes
 - Level 2.0 Armour
 - Level 2.0 Dodging


You had 7 spell levels left.
You didn't know any spells.

Dungeon Overview and Level Annotations

Branches:
Dungeon (6/15)             Temple (1/1) D:4

Altars:
Ashenzari
Dithmenos
Elyvilon
Fedhas
Hepliaklqana
Kikubaaqudgha
Nemelex Xobeh
Okawaru
Qazlal
Sif Muna
Trog
Uskayaw
Vehumet
The Shining One

Annotations:
D:5 Prince Ribbit


Message History

Prince Ribbit hits you.
You slash Prince Ribbit!
Prince Ribbit is severely wounded.
Prince Ribbit hits you! x2
* * * LOW HITPOINT WARNING * * *
Okay, then.
Okay, then.
Okay, then.
Your magical effects are unravelling.
You feel magically purged.
You feel yourself speed up. Prince Ribbit hits you!
* * * LOW HITPOINT WARNING * * *
Prince Ribbit hits you but does no damage.
Things that are here:
a flail of protection; a ring mail
Okay, then.
You feel better. Prince Ribbit barely misses you. Prince Ribbit hits you!
You die...

#### ...# (.... .. ####
#...##.### §###
#........ §§##
###......# §§§# ..
#........# .§###....
#........#
.####.##.####........#
#####.........(.@....#
#####..........)F....#
...................#
...###..........####...#
....##..........# ...
....##..........# .#
.....#..........# #
...#.#..........#
...#.#..........#


You could see Prince Ribbit.

Vanquished Creatures
  Grinder (D:4)
  Edmund (D:5)
  A phantom (D:4)
  A centaur (D:6)
  2 scorpions (D:6)
  A giant frog skeleton (D:6)
  An orc wizard (D:3)
  A worker ant (D:6)
  A hound skeleton (D:5)
  4 gnolls (D:6)
  6 adders
  A worm (D:6)
  2 giant geckos
  5 orcs
  A giant cockroach (D:3)
  A goblin (D:2)
  A hobgoblin (D:2)
  4 kobolds
  A ball python (D:6)
  2 giant newts (D:1)
  A jackal zombie (D:5)
  5 rats
44 creatures vanquished.

Notes
Turn   | Place    | Note
-------+----------+-------------------------------------------
     0 | D:1      | PurpleRed the Human Berserker began the quest for the Orb.
     0 | D:1      | Reached XP level 1. HP: 18/18 MP: 1/1
   201 | D:2      | Reached XP level 2. HP: 24/24 MP: 2/2
   256 | D:2      | Reached XP level 3. HP: 29/29 MP: 3/3
   401 | D:2      | Reached skill level 4 in Axes
   479 | D:3      | Reached XP level 4. HP: 31/36 MP: 4/4
   534 | D:3      | Reached ** piety under Trog
   581 | D:2      | Reached XP level 5. HP: 42/42 MP: 5/5
   629 | D:4      | Noticed a phantom
   645 | D:4      | Killed a phantom
   645 | D:4      | Reached skill level 5 in Axes
   645 | D:4      | Reached XP level 6. HP: 48/48 MP: 6/6
   692 | D:5      | Entered Level 5 of the Dungeon
   871 | D:6      | Reached skill level 6 in Axes
   871 | D:6      | Reached XP level 7. HP: 55/55 MP: 7/7
   975 | D:6      | Reached skill level 5 in Fighting
  1134 | D:4      | Noticed Grinder
  1137 | D:4      | Paralysed by Grinder for 7 turns
  1147 | D:4      | Paralysed by Grinder for 2 turns
  1157 | D:4      | Killed Grinder
  1157 | D:4      | Reached skill level 7 in Axes
  1165 | D:4      | Found a staircase to the Ecumenical Temple.
  1174 | Temple   | Entered the Ecumenical Temple
  1314 | D:5      | Found a sparkling altar of Nemelex Xobeh.
  1343 | D:5      | Noticed Edmund
  1351 | D:5      | Noticed Prince Ribbit
  1365 | D:5      | Killed Edmund
  1365 | D:5      | Reached XP level 8. HP: 60/64 MP: 8/8
  1370 | D:5      | HP: 2/64 [Prince Ribbit (10)]
  1373 | D:5      | Slain by Prince Ribbit

Vault maps used:
D:1:      dpeg_arrival_erosion
D:2:      bloody_makhleb, marbit_many_paths
D:3:      serial_bayou_pond_a, st_stairs_2, eino_tiny_chamber,
          minmay_misc_feat_encased
D:4:      uniq_grinder
D:5:      first_bread, nemelex_altar_shiori, uniq_prince_ribbit1, uniq_edmund
D:6:      serial_shops, nicolae_shop_trees, uniq_menkaure
Temple:   dshaligram_water_room_temple

Skill      XL: |  1  2  3  4  5  6  7 |
---------------+----------------------+-----
Axes           | 4 5 6 7 |  7.5
Fighting       | 4 5 |  5.8
Armour         | |  2.0
Dodging        | |  2.0

Action                   |  1- 3 |  4- 6 |  7- 9 || total
-------------------------+-------+-------+-------++-------
Melee: Hand axe          |    45 |    54 |    77 ||   176
Invok: Berserk           |     2 |     6 |     3 ||    11
  Use: Scroll            |       |     9 |     5 ||    14
       Potion            |       |       |     2 ||     2
 Stab: Sleeping          |     1 |       |       ||     1
  Eat: Chunk             |     1 |     3 |     4 ||     8
       Pizza             |       |     1 |       ||     1
       Beef jerky        |       |     1 |       ||     1
Armor: Scale mail        |     6 |       |       ||     6
       Animal skin       |     1 |       |       ||     1
       Chain mail        |    20 |    31 |    38 ||    89
Dodge: Dodged            |    24 |    24 |    22 ||    70
